 Dungeon Sprint DCSS version 0.21.1-1-g345015f (webtiles) character file.

4426 Fang the Severer (level 10, -10/73 HPs)
             Began as a Gargoyle Berserker on July 18, 2018.
             Was the Champion of Trog.
             Mangled by a manticore (16 damage)
             ... in the Dungeon (Sprint VII: "The Pits") on July 22, 2018.
             The game lasted 00:04:51 (1896 turns).

Fang the Severer (Gargoyle Berserker)               Turns: 1896, Time: 00:04:52

Health: -10/73     AC:  9    Str: 26    XL:     10   Next: 36%
Magic:  10/10      EV: 15    Int: 12    God:    Trog [******]
Gold:   0          SH:  0    Dex:  9    Spells: 9/9 levels left

rFire    . . .     SeeInvis .   n - +0 hand axe (freeze)
rCold    . . .     Gourm    .   (no shield)
rNeg     + . .     Faith    .   b - +0 animal skin
rPois    ∞         Spirit   .   (no helmet)
rElec    +         Reflect  .   (no cloak)
rCorr    .         Harm     .   (no gloves)
MR       .....     NoTele   +   (no boots)
Stlth    ++........             (no amulet)
HPRegen  0.22/turn              p - +3 ring of intelligence
MPRegen  0.12/turn              r - +3 ring of strength

@: berserk cooldown, slowed, very slow
A: negative energy resistance 1, electricity resistance, unbreathing,
petrification resistance, rot immunity, AC +7
a: Berserk, Trog's Hand, Brothers in Arms, Burn Spellbooks, Renounce Religion


You were in the Dungeon.
You worshipped Trog.
Trog was exalted by your worship.
You were very hungry.

You visited 1 branch

Inventory:

Hand Weapons
 j - a +2 hand axe
 n - a +0 hand axe of freezing (weapon)
 s - a +2 war axe of chopping
Missiles
 o - 8 steel javelins (quivered)
Armour
 b - a +0 animal skin (worn)
Jewellery
 p - a +3 ring of intelligence (left hand)
 r - a +3 ring of strength (right hand)
Scrolls
 i - a scroll of blinking
 k - 3 scrolls of remove curse
 l - a scroll of summoning
Potions
 a - 2 potions of invisibility
 d - 10 potions of curing
 e - 10 potions of heal wounds
 f - 2 potions of haste
 g - 4 potions of magic
 h - 3 potions of berserk rage
 q - 2 potions of brilliance
Comestibles
 c - 8 rations
 m - 3 chunks of flesh


   Skills:
 + Level 13.1 Fighting
 + Level 15.9 Axes
 + Level 4.2 Armour
 + Level 8.1 Dodging
 + Level 4.4 Stealth


You had 9 spell levels left.
You didn't know any spells.

Dungeon Overview and Level Annotations

Branches:
Dungeon (1/1)

Altars:
Cheibriados
Dithmenos
Elyvilon
Fedhas
Gozag
Hepliaklqana
Makhleb
Nemelex Xobeh
Okawaru
Qazlal
Ru
Sif Muna
Trog
Vehumet
Wu Jian
Xom
Yredelemnul
Zin
The Shining One
Beogh
Jiyva
Lugonu


Innate Abilities, Weirdness & Mutations

You are resistant to torment.
Your stone body is resilient. (AC +7)
You are immune to poison.
You resist negative energy. (rN+)
You are resistant to electric shocks. (rElec)
You can survive without breathing.
You are immune to petrification.
You are immune to rotting.


Message History

Your deep troll claws the orc warrior!
The orc warrior dies!
Trog accepts your kill.
The manticore bites you but does no damage.
The manticore claws you.
* * * LOW HITPOINT WARNING * * *
The manticore claws you but does no damage.
Things that are here:
a war axe; a plate armour You feel a strong urge to attack something.
You are no longer berserk.
You are exhausted.
You feel yourself slow down.
Your cyclops barely misses the merfolk.
The merfolk barely misses you.
Items here: )) [[ †† Unknown command.
You hit the manticore. You freeze the manticore.
The manticore is lightly wounded.
The manticore bites you!
You die...

#####'#####''######
##.......##''#####
##.......##......#
##.......##......#
##...<...###....## ##
##.......# ##''## #..+
##.......###..)m## ....#
##.......##.()CT)#....##
###########...))@H....'.
###########..÷.).#....##
....#..[[###.)).###....#
....#..[[# ##''## ##..+
....'..))###....## ##
....#...)##......#
....#..))##......#
##################


You could see a merfolk, a manticore, a friendly deep troll (berserk) and a
friendly cyclops (berserk).

Vanquished Creatures
  A two-headed ogre (D)
  An orc knight (D)
  An efreet (D)
  Sigmund (D)
  A basilisk (D)
  A warg (D)
  5 yaks (D)
  A swamp drake (D)
  Purgy (D)
  An orc warrior (D)
  A necrophage (D)
  A gnoll sergeant (D)
  3 killer bees (D)
  4 wights (D)
  An iguana (D)
  2 worker ants (D)
  3 gnolls (D)
  2 oozes (D)
  2 leopard geckos (D)
  2 orcs (D)
  A bat (D)
  A bat skeleton (D)
  2 goblins (D)
  A quokka (D)
  A ball python (D)
  A frilled lizard (D)
42 creatures vanquished.

Vanquished Creatures (collateral kills)
  A merfolk impaler (D)
  An orc knight (D)
  2 orc sorcerers (D)
  A merfolk (D)
  2 orc warriors (D)
  3 killer bees (D)
  2 orcs (D)
12 creatures vanquished.

Vanquished Creatures (others)
  An orc warrior (D)
  An orc wizard (D)
  2 orcs (D)
4 creatures vanquished.

Grand Total: 58 creatures vanquished

Notes
Turn   | Place    | Note
-------+----------+-------------------------------------------
     0 | D        | Fang the Gargoyle Berserker began the quest for the Orb.
     0 | D        | Reached XP level 1. HP: 14/14 MP: 1/1
    16 | D        | Reached skill level 3 in Axes
    22 | D        | Found a bloodstained altar of Trog.
    22 | D        | Found a deep blue altar of Sif Muna.
    22 | D        | Found a viscous altar of Jiyva.
    22 | D        | Found a hazy altar of Hepliaklqana.
    22 | D        | Found an opulent altar of Gozag.
    24 | D        | Found a glowing golden altar of the Shining One.
    24 | D        | Found a glowing silver altar of Zin.
    24 | D        | Found a basalt altar of Yredelemnul.
    24 | D        | Found a shimmering altar of Xom.
    24 | D        | Found an ornate altar of the Wu Jian Council.
    24 | D        | Found a sacrificial altar of Ru.
    24 | D        | Found a stormy altar of Qazlal.
    24 | D        | Found an iron altar of Okawaru.
    24 | D        | Found a sparkling altar of Nemelex Xobeh.
    24 | D        | Found a burning altar of Makhleb.
    24 | D        | Found a blossoming altar of Fedhas.
    24 | D        | Found a white marble altar of Elyvilon.
    24 | D        | Found a shadowy altar of Dithmenos.
    24 | D        | Found a snail-covered altar of Cheibriados.
    26 | D        | Found a radiant altar of Vehumet.
    26 | D        | Found a corrupted altar of Lugonu.
    26 | D        | Found a roughly hewn altar of Beogh.
    68 | D        | Reached ** piety under Trog
    68 | D        | Reached XP level 2. HP: 16/20 MP: 2/2
   142 | D        | Reached *** piety under Trog
   148 | D        | Reached skill level 5 in Fighting
   148 | D        | Reached skill level 4 in Axes
   148 | D        | Reached XP level 3. HP: 23/26 MP: 3/3
   328 | D        | Noticed Purgy
   343 | D        | Reached skill level 5 in Axes
   343 | D        | Reached XP level 4. HP: 32/32 MP: 4/4
   348 | D        | Reached **** piety under Trog
   348 | D        | Reached skill level 6 in Axes
   357 | D        | Killed Purgy
   357 | D        | Reached skill level 7 in Axes
   357 | D        | Reached XP level 5. HP: 17/38 MP: 5/5
   370 | D        | Noticed a necrophage
   389 | D        | Killed a necrophage
   389 | D        | Reached skill level 8 in Axes
   389 | D        | Reached XP level 6. HP: 8/44 MP: 6/6
   547 | D        | Killed an orc warrior
   663 | D        | Reached ***** piety under Trog
   663 | D        | Reached skill level 9 in Axes
   665 | D        | Received a gift from Trog
   796 | D        | Reached skill level 10 in Axes
  1044 | D        | Noticed an efreet
  1054 | D        | Killed an efreet
  1054 | D        | Received a gift from Trog
  1054 | D        | Reached skill level 11 in Axes
  1054 | D        | Reached skill level 5 in Dodging
  1054 | D        | Reached XP level 7. HP: 30/52 MP: 7/7
  1229 | D        | Noticed Sigmund
  1242 | D        | Reached skill level 10 in Fighting
  1242 | D        | Reached skill level 1 in Stealth
  1244 | D        | Killed Sigmund
  1244 | D        | Reached XP level 8. HP: 57/57 MP: 8/8
  1319 | D        | Noticed a yak
  1319 | D        | Noticed a yak
  1319 | D        | Noticed a yak
  1319 | D        | Noticed a yak
  1319 | D        | Noticed a yak
  1324 | D        | Killed a yak
  1324 | D        | Reached skill level 12 in Axes
  1326 | D        | Killed a yak
  1331 | D        | Killed a yak
  1335 | D        | Killed a yak
  1343 | D        | Reached ****** piety under Trog
  1343 | D        | Reached skill level 13 in Axes
  1348 | D        | Killed a yak
  1348 | D        | Received a gift from Trog
  1348 | D        | Reached XP level 9. HP: 64/64 MP: 9/9
  1501 | D        | Noticed a two-headed ogre
  1508 | D        | Killed a two-headed ogre
  1508 | D        | Reached skill level 14 in Axes
  1656 | D        | Noticed an orc knight
  1663 | D        | Received a gift from Trog
  1675 | D        | Killed an orc knight
  1675 | D        | Reached skill level 15 in Axes
  1872 | D        | Noticed a manticore
  1872 | D        | Noticed an orc knight
  1872 | D        | Noticed an orc sorcerer
  1872 | D        | Noticed an orc sorcerer
  1872 | D        | Noticed a merfolk impaler
  1872 | D        | Noticed a merfolk
  1872 | D        | Noticed a merfolk
  1880 | D        | Killed an orc sorcerer
  1880 | D        | Reached XP level 10. HP: 57/72 MP: 10/10
  1881 | D        | Killed an orc sorcerer
  1882 | D        | Received a gift from Trog
  1885 | D        | Killed a merfolk impaler
  1893 | D        | Killed an orc knight
  1896 | D        | Mangled by a manticore

Skill      XL: |  1  2  3  4  5  6  7  8  9 10 |
---------------+-------------------------------+-----
Fighting       | 4 5 7 8 9 10 11 12 13 | 13.1
Axes           | 3 4 5 7 8 11 13 15 | 15.9
Dodging        | 2 3 5 6 7 8 |  8.1
Armour         | 3 4 |  4.2
Stealth        | 1 2 3 4 |  4.4

Action                   |  1- 3 |  4- 6 |  7- 9 | 10-12 || total
-------------------------+-------+-------+-------+-------++-------
Melee: Hand axe          |    22 |    44 |    66 |     9 ||   141
Invok: Berserk           |     2 |     2 |     4 |     1 ||     9
       Brothers in Arms  |       |       |     3 |       ||     3
 Stab: Distracted        |       |       |       |     1 ||     1
  Eat: Chunk             |       |     2 |     5 |       ||     7
       Ration            |       |       |     1 |       ||     1
Armor: Animal skin       |     7 |     8 |     6 |     4 ||    25
Dodge: Dodged            |    15 |    26 |    37 |     4 ||    82
